Cogmind - Beta 10.2 @@@ ROGUE MODE // 2021.04.26 @ 17:56:34 Player: Exp. Geonium Core Result: Destroyed by Y-45 Defender with Beam Rifle Performance ------------- Evolutions (2) 1000 Regions Visited (7) 1400 Robots Destroyed (23) 115 Value Destroyed (607) 607 Prototype IDs (0) 0 Alien Tech Used (0) 0 Bonus (200) 200 TOTAL SCORE: 3322 Bonus ------- Entered Garrisons 200 Cogmind --------- Core Integrity 0/550 Matter 300/300 Energy 100/100 System Corruption 0% Temperature Cool (9) Movement Core (50) Location -8/Materials Parts ------- > --- POWER (1) -------- (None) > --- PROPULSION (2) --- (None) > --- UTILITY (6) ------ Enhanced Optical Array Utility Shielding > --- WEAPON (2) ------- (None) > --- INVENTORY (4) ---- Improved EM Pulse Cannon Improved EM Pulse Cannon Advanced Assault Cannon Advanced Assault Cannon Peak State ------------ > --- POWER ------------ Light Ion Engine > --- PROPULSION ------- Improved Carbon-fiber Leg Improved Carbon-fiber Leg > --- UTILITY ---------- Heat Sink Enhanced Optical Array Targeting Computer Utility Shielding Improved Light Armor Plating Improved Reclamation Unit > --- WEAPON ----------- Heavy EM Pulse Gun Heavy Assault Rifle > --- INVENTORY -------- Improved Carbon-fiber Leg Improved Carbon-fiber Leg Light Assault Rifle Signal Generator [Rating: 28] Favorites ----------- Power Ion Engine Engine Ion Engine Propulsion Aluminum Leg Leg Aluminum Leg Wheel Wheel Utility Utility Shielding Device Heat Sink Processor Targeting Computer Protection Utility Shielding Weapon Heavy EM Pulse Gun Energy Gun Heavy EM Pulse Gun Ballistic Gun Heavy Assault Rifle Build | -11 -10 -10 -9 -9 -8 -8 -8 ------- Run | Scr Mat Min Mat Min Mat Gar Mat Slots Evolved 4 | . . . 2 . 2 . . Power . | . . . . . . . . Propulsion . | . . . . . . . . Utility 4 | . . . 2 . 2 . . Weapon . | . . . . . . . . Parts Attached 32 | 4 2 5 5 4 10 2 . Power 3 | 1 . . 1 1 . . . Engine 3 | 1 . . 1 1 . . . Core . | . . . . . . . . Reactor . | . . . . . . . . Propulsion 9 | 1 . 1 1 2 2 2 . Treads . | . . . . . . . . Leg 7 | 1 . 1 . 1 2 2 . Wheel 2 | . . . 1 1 . . . Hover . | . . . . . . . . Flight . | . . . . . . . . Utility 8 | . . 2 2 . 4 . . Device 2 | . . . 1 . 1 . . Storage . | . . . . . . . . Processor 2 | . . 1 . . 1 . . Hackware . | . . . . . . . . Protection 4 | . . 1 1 . 2 . . Artifact . | . . . . . . . . Weapon 12 | 2 2 2 1 1 4 . . Energy Gun 8 | 2 2 2 . 1 1 . . Energy Cannon . | . . . . . . . . Ballistic Gun 4 | . . . 1 . 3 . . Ballistic Cannon . | . . . . . . . . Launcher . | . . . . . . . . Special Weapon . | . . . . . . . . Impact Weapon . | . . . . . . . . Slashing Weapon . | . . . . . . . . Piercing Weapon . | . . . . . . . . Special Melee Weapon . | . . . . . . . . Unidentified Prototypes . | . . . . . . . . Parts Lost 21 | . . 2 4 4 9 2 . Power 3 | . . . 1 1 1 . . Propulsion 5 | . . . 1 2 . 2 . Utility 5 | . . . . 1 4 . . Weapon 8 | . . 2 2 . 4 . . Highest Loss Streak 9 | . . 1 2 4 9 2 . Average Slot Usage (%) 73 | . 57 70 80 83 91 21 18 Engine 9 | . 14 14 4 8 7 . . Leg 16 | . 14 22 19 10 17 3 . Wheel 2 | . . . 1 9 . . . Device 5 | . . . 9 11 13 . . Processor 8 | . . 2 11 11 17 9 9 Protection 10 | . . 2 15 16 18 9 9 Energy Gun 16 | . 28 28 16 5 8 . . Ballistic Gun 4 | . . . 4 11 8 . . Naked Turns . | . . . . . . . . Heaviest Build 18 | 8 11 11 18 15 17 1 1 Greatest Support 36 | 10 10 20 20 16 36 36 3 Greatest Overweight (x) 1 | 1 1 1 1 1 . . . Average Overweight (x) . | . . . . . . . . Largest Inventory Capacity 4 | 4 4 4 4 4 4 4 4 Average Capacity 4 | 4 4 4 4 4 4 4 4 Most Carried 4 | 2 4 4 3 3 4 2 4 Average Carried 2 | . 3 3 2 2 3 1 3 Final Capacity 4 | 4 4 4 4 4 4 4 4 Final Carried 4 | 2 4 2 3 3 2 . 4 Class Distribution -------------------- 74% | Mutant 25% | Scavenger-Mutant Dominant Class ---------------- Mutant | -10/Materials Mutant | -10/Mines Mutant | -9/Materials Scavenger-Mutant | -9/Mines Mutant | -8/Materials Mutant | -8/Garrison Mutant | -8/Materials Resources | -11 -10 -10 -9 -9 -8 -8 -8 ----------- Run | Scr Mat Min Mat Min Mat Gar Mat Matter Collected 535 | 208 . 82 79 73 93 . . Remotely . | . . . . . . . . Salvage Created 863 | . . 287 268 132 176 . . Parts 58 | . . 17 18 7 16 . . Haulers Intercepted . | . . . . . . . . Recyclers Shooed 1 | . . . 1 . . . . Parts Field Recycled . | . . . . . . . . Retrieved Matter . | . . . . . . . . Parts Self-Destructed . | . . . . . . . . Prevented . | . . . . . . . . Kills | -11 -10 -10 -9 -9 -8 -8 -8 ------- Run | Scr Mat Min Mat Min Mat Gar Mat Combat Hostiles Destroyed 19 | . . 7 4 4 4 . . Guns 16 | . . 6 4 4 2 . . AOE 3 | . . 1 . . 2 . . Classes Destroyed 7 | . . 3 2 1 1 . . Worker 2 | . . 2 . . . . . Tunneler 1 | . . . 1 . . . . Recycler 1 | . . . . 1 . . . Swarmer 7 | . . 3 . 4 . . . Grunt 4 | . . 4 . . . . . Protector 1 | . . . . . 1 . . Sentry 7 | . . . 4 . 3 . . Best Kill Streak 4 | . . 4 3 3 2 . . Combat Bots Only 3 | . . 3 2 3 2 . . Max Kills in Single Turn 2 | . . 2 1 1 2 . . Gunslinging . | . . . . . . . . Exploded 2 | . . 1 . . 2 . . Melee . | . . . . . . . . Uniques/NPCs Destroyed . | . . . . . . . . Combat | -11 -10 -10 -9 -9 -8 -8 -8 -------- Run | Scr Mat Min Mat Min Mat Gar Mat Damage Taken 2537 | . 33 209 348 313 1161 458 15 Core 636 | . . 9 30 44 333 205 15 Absorbed by Shields . | . . . . . . . . Core Remaining (%) 92 | 100 . 96 . 81 . . . Volleys Fired 70 | . 1 18 19 16 16 . . Largest 2 | . 2 2 2 2 2 . . Hottest 90 | . 90 90 85 68 79 . . Shots Fired 130 | . 2 36 31 31 30 . . Gun 130 | . 2 36 31 31 30 . . Cannon . | . . . . . . . . Launcher . | . . . . . . . . Special . | . . . . . . . . Kinetic 44 | . . . 13 16 15 . . Thermal 5 | . . . . . 5 . . Explosive . | . . . . . . . . Electromagnetic 81 | . 2 36 18 15 10 . . Robot Hit Streak 8 | . . 8 6 6 7 . . Robot Miss Streak 4 | . 2 1 1 4 2 . . Penetration Max . | . . . . . . . . Secondary Targets 1 | . . 1 . . . . . Max Gunslinging Chain 1 | . . 1 . . . . . Shots Hit Robots 81 | . . 25 23 19 14 . . Core Hits 37 | . . 12 9 6 7 3 . Critical Hits . | . . . . . . . . Critical Kills . | . . . . . . . . Critical Parts Destroyed . | . . . . . . . . Melee Attacks . | . . . . . . . . Impact . | . . . . . . . . Slashing . | . . . . . . . . Piercing . | . . . . . . . . Sneak Attacks . | . . . . . . . . Combat Hostiles . | . . . . . . . . Follow-up Attacks . | . . . . . . . . Damage Inflicted 1879 | . . 422 350 395 707 5 . Guns 1109 | . . 352 307 274 176 . . Cannons . | . . . . . . . . Explosions 760 | . . 70 43 116 531 . . Melee . | . . . . . . . . Ramming 10 | . . . . 5 . 5 . Kinetic 431 | . . . 158 189 84 . . Thermal 229 | . . 70 43 116 . . . Explosive 531 | . . . . . 531 . . Electromagnetic 678 | . . 352 149 85 92 . . Impact . | . . . . . . . . Slashing . | . . . . . . . . Piercing . | . . . . . . . . Highest Corruption . | . . . . . . . . Average Corruption . | . . . . . . . . Corruption Purged . | . . . . . . . . Overload Shots . | . . . . . . . . Overflow Damage 181 | . . . . 46 135 . . Projectiles . | . . . . . . . . Explosions 181 | . . . . 46 135 . . Melee . | . . . . . . . . Knockbacks . | . . . . . . . . Impact . | . . . . . . . . Kinetic . | . . . . . . . . Secondary . | . . . . . . . . Self-Inflicted Damage 209 | . . 23 34 40 111 1 . Shots 4 | . . 1 1 1 1 . . Rammed 6 | . . . . 1 . 5 . Targets Rammed 6 | . . . . 1 . 5 . Kicked . | . . . . . . . . Crushed . | . . . . . . . . Highest Temperature 177 | . 30 177 9 2 31 . . Average Temperature 55 | . 17 70 6 2 14 . . Received Heat Transfer 510 | . 18 51 90 9 198 135 9 Siege Activations . | . . . . . . . . Robots Corrupted . | . . . . . . . . Combat Hostiles . | . . . . . . . . Parts Fried 2 | . . 2 . . . . . Impact Corruptions . | . . . . . . . . Robots Melted . | . . . . . . . . Combat Hostiles . | . . . . . . . . Parts Melted . | . . . . . . . . Heat Transferred 200 | . . . 50 150 . . . Parts Sabotaged . | . . . . . . . . Parts Stolen . | . . . . . . . . Parts Stripped . | . . . . . . . . Power Chain Reactions 3 | . . 1 1 1 . . . Missiles Intercepted . | . . . . . . . . Alert | -11 -10 -10 -9 -9 -8 -8 -8 ------- Run | Scr Mat Min Mat Min Mat Gar Mat Peak Influence 212 | . 30 116 212 182 205 135 80 Initial 125 | . . 11 37 82 70 125 65 Average 101 | . 13 78 109 136 130 123 69 Maximum Alert Level 1 | . . . 1 . 1 . . Low Security (%) 98 | 100 100 100 91 100 96 100 100 Level 1 1 | . . . 8 . 3 . . Level 2 . | . . . . . . . . Level 3 . | . . . . . . . . Level 4 . | . . . . . . . . Level 5 . | . . . . . . . . High Security . | . . . . . . . . Max Security . | . . . . . . . . Squads Dispatched 3 | . 1 . . 1 1 . . Investigation . | . . . . . . . . Extermination . | . . . . . . . . Reinforcement 1 | . 1 . . . . . . Assault 2 | . . . . 1 1 . . Garrison . | . . . . . . . . Intercept . | . . . . . . . . Construction Impeded . | . . . . . . . . Haulers Reinforced . | . . . . . . . . Stealth | -11 -10 -10 -9 -9 -8 -8 -8 --------- Run | Scr Mat Min Mat Min Mat Gar Mat Distress Signals 2 | . . . 1 . 1 . . Communications Jammed . | . . . . . . . . Distress Signals . | . . . . . . . . Times Spotted 45 | . 2 9 6 7 13 7 1 Peak Tracking Total 7 | . 2 3 4 4 7 7 . Tactical Retreats 5 | . . 2 . 2 . 1 . Traps | -11 -10 -10 -9 -9 -8 -8 -8 ------- Run | Scr Mat Min Mat Min Mat Gar Mat Traps Triggered . | . . . . . . . . Indirectly . | . . . . . . . . Trap Hack Attempts . | . . . . . . . . Triggered . | . . . . . . . . Disarmed . | . . . . . . . . Reprogrammed . | . . . . . . . . Reused . | . . . . . . . . Traps Extracted . | . . . . . . . . Installed . | . . . . . . . . Triggered . | . . . . . . . . Machines | -11 -10 -10 -9 -9 -8 -8 -8 ---------- Run | Scr Mat Min Mat Min Mat Gar Mat Machines Disabled 2 | . . . 1 . 1 . . Max in Single Turn 1 | . . . 1 . 1 . . Machines Sabotaged . | . . . . . . . . Garrisons Compromised . | . . . . . . . . Overloaded Fab Kills . | . . . . . . . . Fab Network Shutdowns . | . . . . . . . . Hacking | -11 -10 -10 -9 -9 -8 -8 -8 --------- Run | Scr Mat Min Mat Min Mat Gar Mat Machines Accessed 1 | . . . . . 1 . . Terminals . | . . . . . . . . Fabricators . | . . . . . . . . Repair Stations . | . . . . . . . . Recycling Units . | . . . . . . . . Scanalyzers . | . . . . . . . . Garrison Access 1 | . . . . . 1 . . Total Hacks 1 | . . . . . 1 . . Successful 1 | . . . . . 1 . . Failed . | . . . . . . . . Catastrophic . | . . . . . . . . Database Lockouts . | . . . . . . . . Manual . | . . . . . . . . Terminals . | . . . . . . . . Fabricators . | . . . . . . . . Repair Stations . | . . . . . . . . Recycling Units . | . . . . . . . . Scanalyzers . | . . . . . . . . Garrison Access 1 | . . . . . 1 . . Terminal Hacks . | . . . . . . . . Fabricator Hacks . | . . . . . . . . Repair Station Hacks . | . . . . . . . . Recycling Unit Hacks . | . . . . . . . . Scanalyzer . | . . . . . . . . Garrison Access Hacks 1 | . . . . . 1 . . Unlock Access 1 | . . . . . 1 . . Unauthorized Hacks . | . . . . . . . . Terminals . | . . . . . . . . Fabricators . | . . . . . . . . Repair Stations . | . . . . . . . . Recycling Units . | . . . . . . . . Scanalyzers . | . . . . . . . . Garrison Access . | . . . . . . . . Data Cores Recovered . | . . . . . . . . Used . | . . . . . . . . Hacking Detections . | . . . . . . . . Full Trace Events . | . . . . . . . . Feedback Events . | . . . . . . . . Feedback Blocked . | . . . . . . . . Robot Schematics Acquired . | . . . . . . . . Robots Built . | . . . . . . . . Matter . | . . . . . . . . Time . | . . . . . . . . Total Robot Build Rating . | . . . . . . . . Part Schematics Acquired . | . . . . . . . . Parts Built . | . . . . . . . . Matter . | . . . . . . . . Time . | . . . . . . . . Total Part Build Rating . | . . . . . . . . Parts Repaired . | . . . . . . . . Time . | . . . . . . . . Parts Recycled . | . . . . . . . . Recycled Matter . | . . . . . . . . Retrieved Matter . | . . . . . . . . Retrieved Components . | . . . . . . . . Parts Scanalyzed . | . . . . . . . . Part Schematics Acquired . | . . . . . . . . Parts Damaged . | . . . . . . . . Bothacking | -11 -10 -10 -9 -9 -8 -8 -8 ------------ Run | Scr Mat Min Mat Min Mat Gar Mat Used RIF Installer . | . . . . . . . . Robots Hacked . | . . . . . . . . Non-combat . | . . . . . . . . Combat . | . . . . . . . . Robot Hacks Applied . | . . . . . . . . Relay Couplers Released . | . . . . . . . . Robots Rewired . | . . . . . . . . Allies Hacked . | . . . . . . . . Hacks Repelled . | . . . . . . . . Allies | -11 -10 -10 -9 -9 -8 -8 -8 -------- Run | Scr Mat Min Mat Min Mat Gar Mat Total Allies 1 | . . . . 1 . . . Largest Group 1 | . . . . 1 . . . Highest-Rated Group 31 | . . . . 31 . . . Highest-Rated Ally 31 | . . . . 31 . . . Total Orders . | . . . . . . . . Ally Attacks . | . . . . . . . . Total Damage . | . . . . . . . . Kills . | . . . . . . . . Allies Corrupted . | . . . . . . . . Allies Melted . | . . . . . . . . Intel | -11 -10 -10 -9 -9 -8 -8 -8 ------- Run | Scr Mat Min Mat Min Mat Gar Mat Robot Analysis Total . | . . . . . . . . Derelict Logs Recovered 1 | . . 1 . . . . . Drone Launches . | . . . . . . . . Drone Recoveries . | . . . . . . . . Exploration | -11 -10 -10 -9 -9 -8 -8 -8 ------------- Run | Scr Mat Min Mat Min Mat Gar Mat Turns Passed 1852 | 47 53 650 331 359 270 117 25 Spaces Moved 1231 | 36 33 438 195 202 166 121 40 Core 164 | 7 . . . . 5 112 40 Treads . | . . . . . . . . Legs 863 | 29 33 438 167 30 157 9 . Wheels 204 | . . . 28 172 4 . . Hover . | . . . . . . . . Flight . | . . . . . . . . Fastest Speed 50 | 50 120 120 90 80 50 50 50 Average Speed 110 | 110 140 129 117 97 117 55 50 Slowest Speed 150 | 120 150 150 150 150 120 120 50 Overloaded Moves . | . . . . . . . . Propulsion Burnouts . | . . . . . . . . Robots Hopped . | . . . . . . . . Cave-ins Triggered . | . . . . . . . . Exploration Rate (%) 27 | 4 11 84 28 40 17 29 9 Regions Visited 7 Branch Regions 2 Pre-discovered Areas . | . . . . . . . . Known Exits Taken 1 | . . . . . 1 . . Unknown Exits Taken 5 | 1 1 1 1 1 . . . Scrap Searched 1 | . . 1 . . . . . Spaces Dug . | . . . . . . . . Terrain Destroyed 44 | . . 2 3 7 32 . . Melee . | . . . . . . . . Projectile . | . . . . . . . . AOE 44 | . . 2 3 7 32 . . Terrain Rammed . | . . . . . . . . Walls Destroyed . | . . . . . . . . Machines Disabled . | . . . . . . . . Actions | -11 -10 -10 -9 -9 -8 -8 -8 --------- Run | Scr Mat Min Mat Min Mat Gar Mat Total 1579 | 41 39 481 264 331 210 169 44 Wait 224 | . . 21 45 107 9 42 . Move 1225 | 35 32 437 194 201 166 120 40 Hop . | . . . . . . . . Pick Up 14 | 2 2 . 1 2 3 . 4 Fast Attach 21 | 4 . 3 5 2 7 . . Attach 8 | . . 2 . 2 2 2 . Detach . | . . . . . . . . Swap 3 | . 2 . . . 1 . . Drop 8 | . 2 . . . 6 . . Fire 70 | . 1 18 19 16 16 . . Melee . | . . . . . . . . Ram 1 | . . . . 1 . . . Kick 5 | . . . . . . 5 . Crush . | . . . . . . . . Escape Stasis . | . . . . . . . . Rewire . | . . . . . . . . Trap . | . . . . . . . . Miscellaneous . | . . . . . . . . Route ------- -11/Scrapyard -10/Materials -10/Mines -9/Materials (discovered 2 exits: [*Min x2]) -9/Mines -8/Materials (discovered 2 exits: [*Fac] / Gar) -8/Garrison -8/Materials History --------- Turn | Location | Event 7 | -11/Scrapyard | Discovered new exit (range 15) 48 | -11/Scrapyard | Entered Materials 86 | -10/Materials | Discovered new exit (range 11) 101 | -10/Materials | Entered Mines 187 | -10/Mines | Learned Materials garrison access intel 314 | -10/Mines | Build established: Mutant 640 | -10/Mines | Joined a pair of Derelicts in attacking an 0b10 outpost 738 | -10/Mines | Discovered new exit (range 9) 751 | -10/Mines | Entered Materials 751 | -9/Materials | Evolved 2 slots: Utility x2 858 | -9/Materials | Discovered new exit (range 16) 1075 | -9/Materials | Discovered new exit (range 8) 1082 | -9/Materials | Entered Mines 1089 | -9/Mines | Met a Derelict bent on vengeance 1249 | -9/Mines | Build established: Scavenger-Mutant 1317 | -9/Mines | Lost 4 parts (1p2n1u) 1396 | -9/Mines | Discovered new exit (range 8) 1402 | -9/Mines | Met a Derelict testing a Signal Generator 1410 | -9/Mines | Found Signal Generator 1441 | -9/Mines | Entered Materials 1441 | -8/Materials | Evolved 2 slots: Utility x2 1442 | -8/Materials | Loaded intel: 1 garrison access location 1577 | -8/Materials | Discovered new exit (range 19) 1707 | -8/Materials | Core integrity fell below 50% 1711 | -8/Materials | Identified exit to Garrison 1711 | -8/Materials | Entered Garrison 1739 | -8/Garrison | Lost 9 parts (1p4u4w) 1802 | -8/Garrison | Core integrity fell below 20% 1824 | -8/Garrison | Discovered new exit (range 8) 1828 | -8/Garrison | Entered Materials 1853 | -8/Materials | Destroyed by Y-45 Defender with Beam Rifle Last Messages --------------- 01708_ I-25 Savior destroyed. 01708_ Y-45 Defender destroyed. 01711_ Connecting with Garrison Access... 01711_ Current location identified: Materials 01711_ Connecting with Garrison Access... >>Unlock Access door unlocked. 01711_ EXIT=UNLOCKED: GARRISON LOCATION=GARRISON GOAL=ESCAPE 01793_ Slammed into S-10 Pest. 01793_ Destabilizing: Core damaged (-5). 01795_ Slammed into S-10 Pest. 01802_ Slammed into G-47 Trooper. 01815_ Imp. Carbon-fiber Leg destroyed. 01824_ EXIT=FOUND LOCATION=UNKNOWN GOAL=ESCAPE 01831_ Acquired Imp. EM Pulse Cannon. 01835_ Acquired Adv. Assault Cannon. Map ----- +----------------------------------------------------+ | ?????????????????????????????????????????????????? | | ?????????????????????????????????????????????????? | | ?????????????????????????????????????????????????? | | ?????????????????????????????????????????????????? | | ?????????????????????????????????????????????????? | | ?????????????????????????????????????????????????? | | ????????? ?????????????????????????????????????? | | ????????# #????????????????????????????????????? | | ????????# #????????????????????????????????????? | | ????????# #????????????????????????????????????? | | ????????# #????????????????????????????????????? | | ????????# #????????????????????????????????????? | | ????????# +???????????##+###???????????????????? | | ????????# #??????????? #???????????????????? | | ????????# #??????????? #???????????????????? | | ????????# #??????????? Y +???????????????????? | | ????????# #??????????? ????????????????????? | | ????????# ###########? ????????????????????? | | ????????# # #?# a#????????????????????? | | ????????# # !]* #?# #????????????????????? | | ????????# # !]* #?# #????????????????????? | | ????????# #[ !** #?# +????????????????????? | | #???????# # #?# #????????????????????? | | ???????# # #?# ############ #??????? | | " ?###### #####+####### ??? | | " ?# @ ??? | | " # #########????????????? | | # #????????????????????? | | " + ######################????????????????????? | | " # #?????????????????????????????????????????? | | " # #?????????????????????????????????????????? | | ?# #?????????????????????????????????????????? | | ##?# #####?????????????????????????????????????? | | ???# ]]#?????????????????????????????????????? | | ???# #?????????????????????????????????????? | | ???# #?????????????????????????????????????? | | ???# ]]#?????????????????????????????????????? | | ???# !!#?????????????????????????????????????? | | ???# !!#?????????????????????????????????????? | | ???#########?????????????????????????????????????? | | ?????????????????????????????????????????????????? | | ?????????????????????????????????????????????????? | | ?????????????????????????????????????????????????? | | ?????????????????????????????????????????????????? | | | | | | | | | | | | | +----------------------------------------------------+ Best States ------------- Heat Dissipation 41 Energy Generation 12 Energy Capacity 265 Matter Stores 300 Matter Capacity 300 Sight Range 22 Terrain Scan Density 10 Armor Coverage 300 Utility Shielding 33 Reclamation Efficiency 15 Evasion (%) 50 Targeting Accuracy 5 Item Schematics ----------------- None Robot Schematics ------------------ None Fabricated ------------ Nothing Alien Tech Used ----------------- None Achievements -------------- None Challenges ------------ None Game ------ Seed CentriumTrapExpander Manual? 0 Play Time 00:17:41 Cumulative 81.7 hours Start 2021.04.26 @ 17:04:48 End 2021.04.26 @ 17:56:34 Sessions 1 Manual Loads 0 Difficulty Rogue Special Mode None Game No. 130 Rogue 130 Adventurer 0 Explorer 0 Win Type - Total 1 Types 1/0/0/0/0/0/0/0/0 Lore% 44 Gallery% 63 Achievement% 51 Wizard Run 0 Options --------- ASCII 0 Keyboard 0 Movement Numpad Keybinds 0 Fullscreen 1 Font 18/Terminus Map View 76x50 Tactical HUD 1 Map Filters NONE Filters NONE Steam 1 RUN: da2b9578-97ad-43da-9017-e82bbb531143